 Dungeon Crawl Stone Soup version 0.22-a0-603-gfc1114d (webtiles) character file.

107 sking99 the Cudgeler (level 4, -2/24 HPs)
             Began as a Vine Stalker Fighter on July 7, 2018.
             Slain by a shadow imp (4 damage)
             ... summoned by Natasha
             ... on level 3 of the Dungeon.
             The game lasted 00:02:10 (1609 turns).

sking99 the Cudgeler (Vine Stalker Fighter)         Turns: 1609, Time: 00:02:11

Health: -2/24      AC:  6    Str: 18    XL:     4   Next: 86%
Magic:  0/5        EV:  7    Int:  8    God:
Gold:   83         SH:  9    Dex: 15    Spells: 3/3 levels left

rFire    . . .     SeeInvis .   a - +0 flail
rCold    . . .     Gourm    .   c - +0 shield
rNeg     . . .     Faith    .   b - +0 scale mail
rPois    .         Spirit   +   (helmet restricted)
rElec    .         Reflect  .   (no cloak)
rCorr    .         Harm     .   (no gloves)
MR       .....                  (no boots)
Stlth    ..........             (no amulet)
HPRegen  0.48/turn              (no ring)
MPRegen  0.09/turn              (no ring)

@: no status effects
A: fangs 2, hooves 1, horns 1, regeneration 1, magic shield, antimagic bite, no
potion heal 3, rot immunity, subdued magic 1
a: no special abilities


You were on level 3 of the Dungeon.
You were not hungry.

You visited 1 branch of the dungeon, and saw 3 of its levels.

You collected 83 gold pieces.

Inventory:

Hand Weapons
 a - a +0 flail (weapon)
Armour
 b - a +0 scale mail (worn)
 c - a +0 shield (worn)
Scrolls
 g - a scroll of blinking {unknown}
 h - a scroll of enchant armour {unknown}
 k - a scroll of enchant weapon {unknown}
 l - a scroll of remove curse {unknown}
 n - a scroll of fog {unknown}
Potions
 d - a potion of might
 e - 2 potions of heal wounds
 m - a potion of curing
Comestibles
 f - a ration
 i - 6 chunks of flesh


   Skills:
 + Level 3.5 Fighting
 * Level 3.7 Maces & Flails
 - Level 2.4 Armour
 - Level 2.6 Shields


You had 3 spell levels left.
You didn't know any spells.
Your spell library was empty.

Dungeon Overview and Level Annotations

Branches:
Dungeon (3/15)

Altars:
Gozag

Annotations:
D:3 Natasha


Innate Abilities, Weirdness & Mutations

You have extremely sharp teeth.
Your natural rate of healing is unusually fast.
When hurt, damage is shared between your health and your magic reserves.
Your bite disrupts and absorbs the magic of your enemies.
Potions cannot restore your health.
You are immune to rotting.
You have large cloven feet.
You have a pair of small horns on your head.
Your spells are a little easier to cast, but a little less powerful.


Message History

It was a potion of heal wounds.
That seemed strangely inert.
You block the jackal's attack.
The jackal bites you but does no damage.
The shadow imp hits you.
* * * LOW HITPOINT WARNING * * *
You block the jackal's attack. Natasha claws you but does no damage.
It was a potion of mutation.
You feel extremely strange.
Your feet thicken and deform.
Your connection to magic feels subdued.
A pair of horns grows on your head!
The shadow imp disappears in a puff of smoke!
The jackal bites you but does no damage. x2
You block the shadow imp's attack.
The jackal bites you but does no damage.
Natasha hisses.
Natasha drinks a potion.
Natasha is healed!
You hit Natasha. Your kick misses Natasha. Your bite misses Natasha.
Natasha is moderately wounded.
The jackal barely misses you. You block the jackal's attack.
The shadow imp hits you.
You die...

.#.# .$# #.$.# ...#...#
#...# #....#.# +...+
#....#.# #...# #.....#
##..!## # #.##..###
##.....# ..
#.###...#####.......
###.###.##5h5.............
......_rh@h#.....h........
.[......h..#...5รท.........
...........#..............
#######....#..............
#.(##..#####.........
#...........#.....##.
............####### #
###.##..........##### ....
................#


You could see Natasha, a crimson imp, a shadow imp, a quokka and 3 jackals.

Vanquished Creatures
  5 adders
  A worm (D:2)
  3 dart slugs
  2 leopard geckos (D:2)
  An orc (D:3)
  2 ball pythons
  8 bats
  4 giant cockroaches
  2 goblins
  5 hobgoblins
  5 frilled lizards
  3 kobolds
  13 rats
54 creatures vanquished.

Notes
Turn   | Place    | Note
-------+----------+-------------------------------------------
     0 | D:1      | sking99 the Vine Stalker Fighter began the quest for the Orb.
     0 | D:1      | Reached XP level 1. HP: 11/11 MP: 2/2
   342 | D:1      | Reached XP level 2. HP: 15/16 MP: 3/3
   781 | D:2      | Reached XP level 3. HP: 20/20 MP: 4/4
  1049 | D:2      | Gained mutation: Your natural rate of healing is unusually fast. [Vine Stalker growth]
  1049 | D:2      | Reached XP level 4. HP: 24/24 MP: 5/5
  1571 | D:3      | Found an opulent altar of Gozag.
  1589 | D:3      | Noticed Natasha
  1607 | D:3      | HP: 1/24 [shadow imp[Natasha] (1)]
  1608 | D:3      | Gained mutation: You have large cloven feet. [potion of mutation]
  1608 | D:3      | Gained mutation: Your spells are a little easier to cast, but a little less powerful. [potion of mutation]
  1608 | D:3      | Gained mutation: You have a pair of small horns on your head. [potion of mutation]
  1609 | D:3      | Slain by a shadow imp

Vault maps used:
D:1:      minmay_arrival_widening_spiral_narrow
D:2:      minmay_misc_feat_room
D:3:      kennysheep_six_static_rooms, overflow_temple_1_default, bloody_trog,
          uniq_natasha, uniq_sigmund

Skill      XL: |  1  2  3 |
---------------+----------+-----
Maces & Flails | 2 3 |  3.7
Fighting       | 3 |  3.5
Armour         | |  2.4
Shields        | |  2.6

Action                   |  1- 3 |  4- 6 || total
-------------------------+-------+-------++-------
Melee: Flail             |    96 |    64 ||   160
       Bite              |    18 |    16 ||    34
  Use: Potion            |       |     2 ||     2
  Eat: Chunk             |     1 |     2 ||     3
Armor: Scale mail        |    66 |    43 ||   109
Dodge: Dodged            |    34 |    32 ||    66
Block: Shield            |    54 |    40 ||    94

Table legend:
 A = Spawn XP
 B = Non-spawn XP
 C = Spawn XP percentage of total XP
 D = Spawn monster count
 E = Non-spawn monster count
 F = Spawn count percentage of total count
 G = Total turns spent on level
                    A         B        C        D         E        F      G
               +---------+---------+-------+---------+---------+-------+---------
         Total |       0 |     154 |   0.0 |       0 |      54 |   0.0 |  1609
               +---------+---------+-------+---------+---------+-------+---------
           D:1 |       0 |      33 |   0.0 |       0 |      23 |   0.0 |   774
           D:2 |       0 |      93 |   0.0 |       0 |      22 |   0.0 |   739
           D:3 |       0 |      28 |   0.0 |       0 |       9 |   0.0 |    96
               +---------+---------+-------+---------+---------+-------+---------
